 Dungeon Crawl Stone Soup version 0.28.0 (webtiles) character file.

Game seed: 2903208125992806458

3442 CrazyMind the Grappler (level 9, -13/68 HPs)
             Began as a Pale Draconian Transmuter on Feb 13, 2022.
             Was a Priest of Wu Jian.
             Mangled by Harold (20 damage)
             ... on level 9 of the Dungeon on Feb 17, 2022.
             The game lasted 00:47:45 (9715 turns).

CrazyMind the Grappler (Pale Draconian Transmuter)  Turns: 9715, Time: 00:47:45

Health: -13/68     AC: 12    Str: 17    XL:     9   Next: 77%
Magic:  16/16      EV: 17    Int: 13    God:    Wu Jian [***...]
Gold:   423        SH:  0    Dex: 12    Spells: 12/18 levels left

rFire   . . .      SeeInvis .     - Unarmed
rCold   . . .      Faith    .   (no shield)
rNeg    . . .      Spirit   .   (armour unavailable)
rPois   +          Reflect  .   (helmet currently unavailable)
rElec   .          Harm     .   w - +1 cloak
rCorr   .          Rampage  .   d - +2 pair of gloves
Will    .....                   (boots currently unavailable)
Stlth   +.........              A - amulet of the acrobat
HPRegen 0.21/turn               D - ring of poison resistance
MPRegen 0.15/turn               B - +4 ring of evasion

@: about to teleport, appendages (expiring)
A: horns 2, talons 2, breathe steam, AC +7, unfitting armour, cold-blooded,
steam resistance
a: Breathe Steam, End Transformation, Renounce Religion, Wall Jump, Serpent's
Lash


You were on level 9 of the Dungeon.
You worshipped Wu Jian.
Wu Jian was most pleased with you.
You had temporarily grown beastly horns and talons.
You visited 2 branches of the dungeon, and saw 10 of its levels.
You also visited: Ossuary.

You collected 423 gold pieces.

Inventory:

Hand Weapons
 l - the +8 dagger of Ciugog {drain, rN+}
   (You found it on level 2 of the Dungeon)

   A truly terrible weapon, it drains the life of any living foe it strikes.
   rN:        It protects you from negative energy.
 u - the +4 rapier "Renups" {vorpal, rF- rC++ rCorr Str+3}
   (You found it on level 4 of the Dungeon)

   It inflicts extra damage upon your enemies.
   Str:       It affects your strength (+3).
   rF:        It makes you vulnerable to fire.
   rC:        It greatly protects you from cold.
   rCorr:     It protects you from acid and corrosion.
Missiles
 b - 280 stones
 f - 8 poisoned darts (quivered)
 F - a curare-tipped dart
Armour
 d - a +2 pair of gloves (worn)
 w - a +1 cloak (worn)
Jewellery
 i - a ring of flight
 A - an amulet of the acrobat (around neck)
 B - a +4 ring of evasion (right hand)
 D - a ring of poison resistance (left hand)
Wands
 o - a wand of iceblast (11)
 s - a wand of flame (10)
 C - a wand of charming (3)
 E - a wand of mindburst (13)
 G - a wand of polymorph (6)
 I - a wand of digging (2)
Scrolls
 c - 3 scrolls of teleportation
 e - 11 scrolls of identify
 j - 2 scrolls of torment {unknown}
 k - a scroll of amnesia
 q - 2 scrolls of vulnerability
 t - a scroll of silence
 x - 4 scrolls of blinking {unknown}
 y - 2 scrolls of magic mapping {unknown}
 H - a scroll of enchant armour {unknown}
Potions
 a - a potion of invisibility
 g - 4 potions of berserk rage {unknown}
 h - 2 potions of curing
 m - 2 potions of magic {unknown}
 n - a potion of attraction
 p - a potion of cancellation {unknown}
 r - a potion of haste {unknown}
 v - a potion of might {unknown}
 z - 3 potions of heal wounds {unknown}
 J - a potion of brilliance {unknown}


   Skills:
 + Level 2.8 Fighting
 + Level 1.5 Throwing
 + Level 5.0 Dodging
 + Level 10.3 Unarmed Combat
 + Level 5.0 Spellcasting
 * Level 6.2 Transmutations
 + Level 0.1 Evocations


You had 12 spell levels left.
You knew the following spells:

 Your Spells              Type           Power      Damage    Failure   Level
a - Beastly Appendage     Tmut           38%        N/A       1%          1
b - Wereblood             Tmut           19%        N/A       2%          2
c - Spider Form           Tmut/Pois      11%        N/A       16%         3

Your spell library contained the following spells:

 Spells                   Type           Power      Damage    Failure   Level
 Searing Ray              Conj           6%         2d4       28%         2
 Static Discharge         Conj/Air       3%         N/A       28%         2
 Ice Form                 Ice/Tmut       11%        N/A       45%         4
 Dispel Undead            Necr           3%         3d7       88%         4
 Sticky Flame             Conj/Fire      3%         2d3       88%         4
 Haunt                    Necr/Summ      1%         N/A       100%        7
 Malign Gateway           Summ/Tloc      1%         N/A       100%        7
 Orb of Destruction       Conj           1%         9d5       100%        7
 Summon Horrible Things   Summ           1%         N/A       100%        8


Dungeon Overview and Level Annotations

Branches:
Dungeon (9/15)             Temple (1/1) D:4         Ossuary (visited)
   Lair: D:8-11         Orc: D:9-12

Altars:
Ashenzari
Cheibriados
Dithmenos
Elyvilon
Fedhas
Gozag
Hepliaklqana
Kikubaaqudgha
Okawaru
Qazlal
Ru
Trog
Uskayaw
Vehumet
Wu Jian
Xom
Yredelemnul
Zin
The Shining One

Shops:
D:3 =   D:5 [   D:6 (   D:8 :*(

Annotations:
D:9 Harold


Innate Abilities, Weirdness & Mutations

You have temporarily grown beastly horns and talons.
You can breathe blasts of scalding, opaque steam.
Your pale cyan-grey scales are hard. (AC +7)
You cannot fit into any form of body armour.
You are cold-blooded and may be slowed by cold attacks.
You are immune to the effects of steam.


Message History

You hear some strange, mumbled words.
A magic dart appears from out of thin air!
The magic dart hits you!
* * * LOW HITPOINT WARNING * * *
The orc warrior barely misses you.
You spin and attack the orc warrior.
You hit the orc warrior but do no damage.
You claw the orc warrior, but do no damage.
You punch the orc warrior.
The orc warrior is severely wounded.
Harold hits you from afar with a +0 glaive!
* * * LOW HITPOINT WARNING * * *
You hear some strange, mumbled words.
Something tries to affect you, but you resist.
The orc warrior misses you.
You spin and attack the orc warrior repeatedly.
You hit the orc warrior but do no damage.
Your kick misses the orc warrior. You tail-slap the orc warrior.
The orc warrior is almost dead.
You closely miss the orc warrior. You claw the orc warrior.
You kill the orc warrior!
The Council accepts your kill. Harold fires a harpoon shot at you.
The harpoon shot hits you!
* * * LOW HITPOINT WARNING * * *
You are yanked forward by the harpoon shot.
Something hits you but does no damage.
Your Spellcasting skill increases to level 5!
Things that are here:
a +2 vorpal broad axe; a +0 plate armour; an orc corpse Your transformation is almost over.
Harold yells, "I don't have all day!"
Harold fires a harpoon shot at you. The harpoon shot misses you.
Something misses you.
You feel better. Harold barely misses you.
Something hits you but does no damage.
As you read the scroll of teleportation, it crumbles to dust.
You feel strangely unstable.
Harold hits you from afar with a +0 glaive!!
You die... ....≈. ..P.P≈≈ ≈P .###P.P≈≈≈ PP≈ ....PP≈♣≈≈ PP..

...P≈≈≈♣♣PPPP#
############.PP≈≈≈≈♣PPP.
........{.....≈P≈♣♣≈≈P.P
.......@).....PPPP≈♣♣♣≈P
.....>.##@#.....≈P≈≈♣≈≈♣
.......#oo#.......P.PPP≈
.......+..#########.P.PP
#####+##... #.#### ...
.... #.# ..# #..... #.#
..# ####.. #.# ..# ...
#.#


You could see Harold.

Vanquished Creatures
  Maurice (D:8)
  2 wyverns
  A water moccasin (D:7)
  A sky beast (D:5)
  An ice beast (D:5)
  An orc warrior (D:9)
  A necrophage (D:7)
  3 centaurs
  2 ogres
  2 kobold brigands (D:8)
  A wyvern zombie (D:6)
  An elf zombie (Ossuary)
  A bullfrog (D:6)
  A scorpion (D:6)
  13 wights
  4 howler monkeys
  2 centaur zombies
  2 jellies
  A hound (D:6)
  A human zombie (Ossuary)
  4 orc priests
  A bullfrog zombie (D:7)
  2 bullfrog skeletons
  2 centaur skeletons (D:7)
  A gnoll shaman (D:7)
  4 orc wizards
  A hound skeleton (D:5)
  3 mummies
  3 gnolls (D:7)
  5 adders
  A shadow imp (D:5)
  A white imp (D:4)
  An ufetubus (D:6)
  2 adder zombies (Ossuary)
  29 orcs
  4 bats
  6 endoplasms
  A giant cockroach (D:2)
  8 goblins
  8 hobgoblins
  2 jackals (D:5)
  2 quokkas (D:1)
  6 ball pythons
  4 frilled lizards
  2 goblin zombies (Ossuary)
  9 hobgoblin zombies (Ossuary)
  A jackal zombie (Ossuary)
  13 kobolds
  11 kobold zombies (Ossuary)
  8 orc zombies (Ossuary)
  3 rats
  A rat zombie (Ossuary)
191 creatures vanquished.

Vanquished Creatures (others)
  3 fungi (D:2)
3 creatures vanquished.

Grand Total: 194 creatures vanquished

Notes
Turn   | Place    | Note
-------+----------+-------------------------------------------
     0 | D:1      | CrazyMind the Draconian Transmuter began the quest for the
                  | Orb.
     0 | D:1      | Reached XP level 1. HP: 16/16 MP: 3/3
   895 | D:1      | Reached XP level 2. HP: 23/23 MP: 5/5
   903 | D:1      | Learned a level 2 spell: Wereblood
  1652 | D:2      | Reached XP level 3. HP: 23/28 MP: 6/6
  1821 | D:2      | Found a faded altar of an unknown god.
  1869 | D:2      | Identified the +8 dagger of Ciugog {drain, rN+}
  1917 | D:2      | Reached skill level 4 in Unarmed Combat
  2287 | D:2      | Noticed an ogre
  2331 | D:1      | Killed an ogre
  2332 | D:1      | Reached XP level 4. HP: 26/35 MP: 5/7
  2777 | D:3      | Reached XP level 5. HP: 30/40 MP: 6/8
  2966 | D:3      | Found Game's Jewellery Shop.
  3004 | D:3      | Noticed a sky beast
  3876 | D:4      | Found a staircase to the Ecumenical Temple.
  3884 | Temple   | Entered the Ecumenical Temple
  4181 | Temple   | Became a worshipper of the Wu Jian Council
  4308 | D:4      | Reached skill level 5 in Unarmed Combat
  4586 | D:4      | Identified the +4 rapier "Renups" {vorpal, rF- rC++ rCorr
                  | Str+3}
  4860 | D:4      | Found an iron altar of Okawaru.
  4860 | D:4      | Found a shadowy altar of Dithmenos.
  4860 | D:4      | Found a glowing golden altar of the Shining One.
  5042 | D:5      | Entered Level 5 of the Dungeon
  5122 | D:5      | Noticed a sky beast
  5221 | D:5      | Reached XP level 6. HP: 47/47 MP: 9/9
  5228 | D:5      | Noticed an ice beast
  5243 | D:5      | Killed an ice beast
  6052 | D:5      | Found Nezha's Dragon-Slaying Spoils.
  6151 | D:5      | Reached skill level 6 in Unarmed Combat
  6400 | D:6      | Reached skill level 1 in Throwing
  6469 | D:6      | Your scales start taking on a pale cyan-grey colour.
  6469 | D:6      | Reached XP level 7. HP: 46/51 MP: 7/11
  6469 | D:6      | Gained mutation: You are immune to the effects of steam.
                  | [Pale Draconian growth]
  6526 | D:6      | Found a sand-covered staircase.
  6536 | Ossuary  | Entered an ossuary
  6775 | Ossuary  | Reached * piety under Wu Jian
  6962 | Ossuary  | Reached ** piety under Wu Jian
  6971 | Ossuary  | Reached skill level 7 in Unarmed Combat
  7139 | D:6      | Reached XP level 8. HP: 61/61 MP: 13/13
  7388 | D:6      | Found Omemoopp's Weapon Boutique.
  7732 | D:6      | Reached skill level 8 in Unarmed Combat
  8123 | D:7      | Reached skill level 9 in Unarmed Combat
  8123 | D:7      | Reached XP level 9. HP: 68/68 MP: 13/15
  8469 | D:7      | Reached *** piety under Wu Jian
  8470 | D:7      | Reached skill level 5 in Transmutations
  8752 | D:7      | Learned a level 3 spell: Spider Form
  8784 | D:8      | Got Zieceg's Tome of Excruciating Companions
  8843 | D:8      | Found Gykheifenk's Antique Weapon Boutique.
  9144 | D:8      | Found Viodghaunt's Book Shoppe.
  9293 | D:8      | Found the +8 lance "Wyrmbane" {slay drac, rPois rF+ rC+
                  | AC+3}
  9424 | D:8      | Noticed Maurice
  9443 | D:8      | Killed Maurice
  9444 | D:8      | Reached skill level 5 in Dodging
  9444 | D:8      | Reached skill level 10 in Unarmed Combat
  9469 | D:8      | Found Ebbon's General Store.
  9700 | D:9      | Noticed Harold
  9712 | D:9      | HP: 1/68 [Harold/harpoon shot (8)]
  9713 | D:9      | Reached skill level 5 in Spellcasting
  9715 | D:9      | Mangled by Harold

Illustrated notes

Levels and vault maps discovered:
D:1:      sevenhm_arrival_forest_fort_small_4, layout_basic
D:2:      layout_loops_corners, dreamdust_ecumenical_altar_hidden_monk_grotto,
          serial_park_tiny_pond
D:3:      layout_basic, serial_shops, shop, glass_columns_a,
          minmay_misc_feat_hallway, lightli_corner_chamber
D:4:      layout_cave_pods, gammafunk_temple_overflow_claw,
          minmay_temple_entry_gardened_gates
D:5:      layout_gridville, nicolae_shop_dragon_depot, nrook_pool_corridor,
          hex_tiny, corexii_checkpoint_a
D:6:      layout_gridville, gup_ossuary_entry_pyramid, serial_shops,
          nicolae_shop_bloodbath_and_beyond, kennysheep_minor_cross
D:7:      layout_basic
D:8:      layout_loops_ring, serial_shops, nicolae_shop_stone, shop,
          nicolae_shop_hallway_stairs, uniq_maurice
D:9:      layout_irregular_city, hiddenorc1_lemuel, serial_bayou_lagoon_a,
          hellmonk_guarded_unrand_vitality_bloodlust, uniq_pikel, uniq_harold,
          uniq_psyche
Temple:   minmay_temple_bridge_d

Skill      XL: |  1  2  3  4  5  6  7  8  9 |
---------------+----------------------------+-----
Dodging        | 2 3 4 5 |  5.0
Unarmed Combat | 4 5 6 7 9 10 | 10.3
Throwing       | 1 |  1.5
Spellcasting   | 3 4 5 |  5.0
Transmutations | 3 4 6 |  6.2
Fighting       | 2 |  2.8
Evocations     | |  0.1

Action                   |  1- 3 |  4- 6 |  7- 9 || total
-------------------------+-------+-------+-------++-------
Melee: Unarmed           |   136 |   154 |   361 ||   651
       Tailslap          |    16 |    15 |    40 ||    71
       Punch             |     1 |     3 |    18 ||    22
       Kick              |     3 |    15 |    78 ||    96
       Headbutt          |     3 |    11 |    46 ||    60
Throw: Dart              |     5 |     6 |    10 ||    21
 Cast: Beastly Appendage |     5 |    13 |    27 ||    45
       Wereblood         |       |     4 |    13 ||    17
Invok: Lunge             |       |    14 |    42 ||    56
       Whirlwind         |       |       |    76 ||    76
 Abil: Wall Jump         |       |       |     1 ||     1
Evoke: Wand              |       |       |     3 ||     3
  Use: Potion            |     2 |     1 |     2 ||     5
       Scroll            |       |     7 |     1 ||     8
 Stab: Sleeping          |       |     1 |     2 ||     3
Armor: Skin              |    50 |    48 |   111 ||   209
Dodge: Dodged            |    79 |    84 |   185 ||   348
